Map: Habitation Station LE (Void)

Players

Boab

  • Race: Terran Terran
  • League: Diamond
  • Spawn Location: 1:00

rand - Winner!

  • Race: Zerg Zerg
  • League: Master
  • Spawn Location: 11:00

VOD

Have the link to the VOD?

Description

Time

  • Played on: Dec. 2, 2016, 9:17 a.m.
  • Length: 16:28
Show
View Real Time Build Order
Export as new Build Order

Boab Terran 

Build Orders: Reaper Expand, MMM Bio 

Get SALT Encoding   

  12  0:01  SCV  
  13  0:13  SCV  
  14  0:17  Supply Depot  
  14  0:25  SCV  
  15  0:39  SCV  
  15  0:40  Barracks  
  16  0:43  Refinery  
  16  0:51  SCV  
  17  1:03  SCV  
  18  1:15  SCV  
  19  1:27  Orbital Command  
  19  1:28  Reaper  
  20  1:44  Command Center  
  20  1:59  Supply Depot  
  20  2:04  Barracks Reactor  
  20  2:07  SCV, Bunker  
  20  2:21  Barracks  
  20  2:28  SCV  
  21  2:33  Factory  
  21  2:41  SCV  
  22  2:45  Marine  
  22  2:46  Refinery  
  22  2:53  SCV  
  24  2:58  Orbital Command  
  24  3:00  Marine  
  24  3:03  Marine  
  24  3:05  SCV  
  26  3:19  Marine  
  28  3:26  Marine  
  26  3:28  Barracks Tech Lab  
  22  3:37  Marine  
  23  3:44  Marine  
  23  3:48  Stimpack, Marine  
  25  3:50  SCV  
  25  3:54  Marine, Orbital Command  
  27  3:58  Factory Reactor  
  27  4:02  Marine, Starport  
  28  4:06  Marine  
  29  4:10  SCV  
  29  4:12  Marine  
  31  4:23  SCV  
  32  4:25  SCV  
  32  4:26  Marine x2  
  35  4:35  SCV  
  35  4:38  SCV  
  37  4:42  Marine  
  37  4:44  Marine  
  39  4:47  Medivac  
  39  4:48  SCV  
  39  4:50  SCV, Medivac  
  45  4:56  Supply Depot  
  45  5:01  SCV  
  45  5:05  Supply Depot  
  46  5:11  Liberator x2  
  46  5:17  Marine x3  
  46  5:18  SCV x2  
  46  5:21  Supply Depot, Factory Tech Lab  
  51  5:31  SCV  
  51  5:35  Marine x3  
  58  5:36  SCV, Supply Depot  
  62  5:43  SCV  
  61  5:53  Marine x2  
  61  5:55  Siege Tank, Marine  
  61  5:56  SCV  
  61  5:57  SCV  
  67  6:05  Supply Depot  
  67  6:11  SCV, Marine x2  
  67  6:13  Marine  
  71  6:23  SCV  
  70  6:33  Marine x3  
  73  6:42  Medivac x2  
  73  6:46  SCV  
  78  6:49  SCV  
  78  6:50  Refinery, Command Center  
  78  6:51  Refinery, Marine x2  
  78  6:52  Combat Shields  
  81  6:58  SCV  
  82  7:02  Marine  
  82  7:06  SCV  
  84  7:09  Marine x2  
  84  7:12  SCV  
  84  7:18  SCV  
  84  7:20  Marine  
  86  7:25  SCV  
  86  7:26  Marine  
  86  7:30  Marine  
  84  7:38  Marine  
  84  7:40  SCV, Barracks x2, Engineering Bay  
  84  7:41  Barracks, Engineering Bay  
  86  8:01  SCV, Marine x3  
  90  8:07  Siege Tank, Medivac x2  
  97  8:19  SCV, Marine x3  
  101  8:27  Terran Infantry Weapons Level 1, Terran Infantry Armor Level 1  
  101  8:28  Barracks Tech Lab  
  101  8:29  Barracks Reactor  
  101  8:30  Barracks Reactor  
  101  8:37  Marine  
  101  8:39  Marine x2  
  101  9:00  Orbital Command  
  101  9:01  Marine  
  101  9:04  SCV  
  101  9:14  Supply Depot x2  
  101  9:18  Liberator x2  
  101  9:20  Supply Depot  
  101  9:21  Armory  
  101  9:22  Supply Depot x2  
  101  9:23  Supply Depot x2, Concussive Shells  
  101  9:35  Siege Tank, SCV, Marine x2  
  101  9:36  Marauder x2  
  117  9:42  SCV, Marine x4  
  120  9:53  Marine x2  
  120  9:54  SCV  
  120  9:57  Marauder x2  
  120  9:59  Marine x4  
  112  10:11  Marine x2  
  90  10:17  Marine x4  
  90  10:19  Marauder x2, Siege Tank, Medivac  
  85  10:29  Marine x2  
  85  10:35  Marine x4  
  91  10:40  Marauder x2  
  95  10:46  SCV x2, Marine x2  
  99  10:53  Marine x4  
  103  11:01  Marauder x2, Terran Infantry Armor Level 2, Terran Infantry Weapons Level 2  
  104  11:04  Marine x2  
  104  11:11  Marine x4  
  110  11:22  Marine x3  
  113  11:28  SCV  
  113  11:29  SCV  
  114  11:42  Command Center  
  114  11:54  Marauder x2, Marine x3  
  114  11:55  Marine x3  
  124  12:12  Marine  
  125  12:16  Marauder  
  125  12:21  Marauder, Marine x3, Medivac x2  
  136  12:25  Marine  
  136  12:26  Marine  
  138  12:37  Marauder  
  137  13:10  Marauder x2, Marine x4  
  137  13:11  Siege Tank, Medivac  
  144  13:28  Orbital Command  
  144  13:30  SCV x2  
  144  13:31  Marauder  
  144  13:45  Marauder, Marine x3  
  144  13:46  Medivac  
  144  13:47  SCV  
  153  13:53  Marauder  
  154  13:57  Orbital Command  
  154  14:05  Marine x3  
  154  14:08  Supply Depot  
  154  14:09  Supply Depot  
  157  14:10  Supply Depot  
  157  14:29  Marine x6  
  157  14:30  Marauder  
  157  14:31  Marauder  
  94  14:47  Marine x3  
  94  14:51  Marauder  
  94  14:52  Marauder, SCV x2  
  76  14:53  Marine x3  
  69  15:05  Marine x3  
  72  15:13  Marauder  
  72  15:14  Marauder, Siege Tank  
  79  15:15  Marine x2  
  79  15:16  Medivac x2  
  79  15:17  Marine  
  86  15:23  Marine x3  
  89  15:33  Marine x2  
  89  15:34  Marauder, Marine  
  89  15:35  Marauder  
  56  15:46  Siege Tank, Marine x3  
  53  15:50  Marine  
Show
View Real Time Build Order
Export as new Build Order

rand Zerg - Winner!

Build Orders: Pool First 

Get SALT Encoding   

  12  0:01  Drone  
  13  0:08  Drone  
  14  0:19  Extractor, Drone  
  14  0:22  Extractor, Drone  
  15  0:36  Spawning Pool  
  14  0:44  Overlord  
  14  0:51  Extractor  
  14  0:52  Drone  
  15  1:03  Drone x2  
  17  1:07  Drone  
  18  1:23  Metabolic Boost, Queen  
  20  1:27  Drone  
  21  1:45  Zergling x2  
  22  1:56  Hatchery  
  22  1:57  Overlord  
  21  2:07  Zergling x2  
  22  2:09  Overlord  
  22  2:15  Queen  
  22  2:20  Zergling x2  
  25  2:34  Zergling x4  
  27  2:42  Drone x3  
  30  2:59  Overlord  
  30  3:00  Drone  
  31  3:14  Drone x4  
  34  3:22  Drone x2  
  35  3:30  Drone x2  
  37  3:38  Roach Warren  
  36  3:42  Drone x2  
  38  3:49  Drone x3  
  38  3:51  Evolution Chamber  
  38  3:52  Evolution Chamber  
  39  4:01  Drone x2  
  39  4:02  Drone, Hatchery  
  41  4:07  Extractor  
  41  4:09  Drone x3  
  43  4:11  Lair  
  43  4:12  Extractor  
  42  4:19  Drone  
  41  4:26  Drone  
  42  4:32  Drone  
  42  4:33  Queen  
  42  4:37  Overlord x2  
  45  4:39  Zerg Missile Weapons Level 1  
  45  4:40  Zerg Ground Armor Level 1  
  45  4:50  Roach x3  
  51  4:57  Roach x3  
  51  4:58  Roach  
  59  5:03  Overlord  
  59  5:09  Queen  
  61  5:16  Overlord  
  61  5:19  Drone  
  61  5:20  Spore Crawler  
  61  5:22  Glial Reconstitution  
  61  5:24  Hydralisk Den  
  61  5:25  Overlord  
  60  5:29  Drone x6  
  66  5:37  Drone  
  66  5:38  Drone, Baneling Nest  
  66  5:39  Drone x2, Spine Crawler  
  56  6:03  Drone x10  
  66  6:16  Queen  
  64  6:21  Roach x3  
  68  6:29  Hydralisk  
  68  6:30  Hydralisk x2  
  74  6:40  Extractor x2  
  74  6:43  Overlord  
  72  6:52  Ravager  
  72  6:53  Ravager x3  
  76  6:55  Overlord  
  74  7:05  Zergling x2  
  74  7:06  Zergling x16  
  83  7:15  Overlord  
  80  7:31  Drone  
  80  7:32  Drone x7  
  88  7:43  Drone x3  
  91  7:51  Drone x4  
  95  7:59  Grooved Spines  
  95  8:02  Hydralisk x5  
  105  8:05  Hatchery  
  105  8:06  Zerg Missile Weapons Level 2  
  104  8:18  Overlord  
  104  8:19  Zergling x6  
  107  8:31  Hydralisk, Overlord  
  107  8:32  Hydralisk x4  
  112  8:51  Hydralisk x5  
  119  9:26  Zerg Melee Weapons Level 1, Baneling Nest  
  119  9:27  Overlord x3  
  119  9:29  Zergling x18  
  127  9:38  Hydralisk  
  127  9:39  Hydralisk x3  
  134  9:55  Zergling x2  
  134  9:56  Zergling x16  
  120  10:19  Zergling x10  
  120  10:20  Zergling x12  
  122  10:25  Hydralisk x2  
  117  10:36  Drone x3  
  117  10:43  Drone x2  
  119  10:59  Overlord  
  119  11:04  Queen  
  119  11:05  Centrifical Hooks  
  121  11:15  Hatchery  
  121  11:17  Hatchery  
  119  11:24  Overlord  
  119  11:25  Hydralisk x5, Hatchery  
  118  11:26  Hydralisk x3  
  118  11:29  Zerg Melee Weapons Level 2, Zerg Ground Armor Level 2  
  132  11:43  Spore Crawler  
  132  11:45  Spore Crawler  
  123  12:01  Drone x7  
  130  12:12  Zergling x2, Overlord  
  130  12:13  Zergling x12  
  137  12:24  Extractor  
  137  12:26  Extractor, Drone  
  137  12:27  Drone x4  
  137  12:28  Queen  
  142  12:33  Zergling x6  
  145  12:45  Drone x7  
  152  13:05  Hydralisk  
  154  13:15  Roach Warren  
  154  13:17  Hydralisk Den  
  152  13:28  Drone x4  
  152  13:29  Drone x5  
  161  13:49  Zergling x38  
  161  13:50  Zergling x8  
  161  13:54  Hatchery  
  183  14:06  Baneling x24  
  183  14:07  Baneling x25  
  182  14:15  Extractor  
  181  14:17  Extractor  
  180  14:25  Overlord x3  
  180  14:31  Zergling x2  
  180  14:32  Zergling x16  
  140  14:49  Zergling x30  
  150  14:58  Baneling x17  
  150  14:59  Baneling x2  
  150  15:10  Roach x4  
  150  15:11  Roach x7  
  149  15:46  Zergling x2  
  149  15:47  Zergling x56  
  149  15:48  Zergling x2  
  177  15:53  Ravager  
  177  15:54  Ravager x9  
  186  16:00  Overseer x2  
Tags
 
Add a new tag
Caveats
  • Supply blocks, unpowered buildings, or Contaminate may cause inaccurate times.
  • Supply counts are checked every 10 seconds.